 Dungeon Crawl Stone Soup version 0.30.1-11-g7821555f0a (webtiles) character file.

Game seed: 14207730611921568305

10555 eliam the Prestidigitator (level 11, -3/87 HPs)
             Began as a Demonspawn Chaos Knight on Jan 3, 2024.
             Was a Plaything of Xom.
             Slain by a sun demon (8 damage)
             ... summoned by a kobold demonologist
             ... on level 9 of the Dungeon on Jan 5, 2024.
             The game lasted 00:44:17 (9370 turns).

eliam the Prestidigitator (Demonspawn Chaos Knight) Turns: 9370, Time: 00:44:18

Health: -3/87      AC: 16    Str: 18    XL:     11   Next: 37%
Magic:  21/21      EV: 14    Int: 16    God:    Xom [.*....]
Gold:   419        SH:  5    Dex: 12    Spells: 10/10 levels left

rFire   + . .        a - +4 hand axe (chaos)
rCold   . . .        (no shield)
rNeg    . . .        l - +0 acid dragon scales
rPois   .            e - +3 hat of Pondering {ponderous, Will+ MP+10 Int+5}
rElec   .            (cloak unavailable)
rCorr   +            j - +0 pair of gloves
SInv    .            L - +0 pair of boots
Will    +....        u - amulet of reflection
Stlth   +            (no ring)
HPRegen 0.34/turn    (no ring)
MPRegen 0.17/turn

%: reflection
@: about to teleport, spiked, slow
A: powered by death 1, sharp scales 3, weakness stinger 3, dopey 1, fire
resistance 1, mutation resistance 1, inability to drink after injury 1, noise
suppression
a: Renounce Religion


You were on level 9 of the Dungeon.
You worshipped Xom.
You were a plaything of Xom.
You visited 1 branch of the dungeon, and saw 9 of its levels.

You collected 419 gold pieces.

Inventory:

Hand Weapons
 a - a +4 hand axe of chaos (weapon)
 z - a +2 dire flail of holy wrath
 F - a +0 war axe
Missiles
 d - 7 javelins
Armour
 b - a +3 leather armour
 e - the +3 hat of Pondering (worn) {ponderous, Will+ MP+10 Int+5}
   (You took it off Gastronok on level 8 of the Dungeon)

   Int:       It affects your intelligence (+5).
   MP:        It affects your magic capacity (+10).
   Will:      It increases your willpower.
 h - a +0 chain mail
 j - a +0 pair of gloves (worn)
 k - a +0 ring mail
 l - +0 acid dragon scales (worn)
 s - a +0 scale mail
 B - a +0 helmet
 E - a +1 helmet
 L - a +0 pair of boots (worn)
Magical Staves
 w - a staff of cold
Jewellery
 g - a ring of ice
 u - an amulet of reflection (around neck)
 C - a +4 ring of protection
 I - an amulet of the acrobat
 M - the ring of Zemnutoe {Wiz rF- Will+++}
   (You found it on level 8 of the Dungeon)

   [ring of wizardry]

   It improves your spell success rate.
   rF:        It makes you vulnerable to fire.
   Will:      It greatly increases your willpower.
Wands
 o - a wand of paralysis (3)
 H - a wand of flame (33)
 J - a wand of roots (7)
Scrolls
 p - 3 scrolls of teleportation
 r - a scroll of fog
 x - 2 scrolls of butterflies
 G - 2 scrolls of acquirement {unknown}
 N - a scroll of immolation {unknown}
 P - a scroll of torment {unknown}
Potions
 f - 3 potions of magic
 i - a potion of cancellation {unknown}
 n - a potion of might {unknown}
 t - a potion of brilliance {unknown}
 v - 2 potions of haste {unknown}
 D - 2 potions of degeneration {unknown}
 K - a potion of flight {unknown}
 O - a potion of invisibility {unknown}
 R - a potion of mutation {unknown}
Miscellaneous
 c - a piece from Xom's chessboard (11/15) (quivered)


   Skills:
 + Level 8.5 Fighting
 + Level 7.7 Axes
 + Level 7.3 Armour
 + Level 7.1 Dodging
 * Level 9.2 Evocations


You had 10 spell levels left.
You didn't know any spells.
Your spell library contained the following spells:

 Spells                   Type           Power      Damage    Failure   Level
 Lesser Beckoning         Tloc           0%         N/A       43%         2
 Call Canine Familiar     Summ           0%         N/A       67%         3
 Gell's Gravitas          Tloc           0%         N/A       67%         3
 Portal Projectile        Hex/Tloc       0%         N/A       67%         3
 Teleport Other           Tloc           0%         N/A       67%         3
 Leda's Liquefaction      Hex/Erth       0%         N/A       97%         4
 Summon Ice Beast         Ice/Summ       0%         N/A       97%         4
 Summon Mana Viper        Hex/Summ       0%         N/A       100%        5
 Monstrous Menagerie      Summ           0%         N/A       100%        7


Dungeon Overview and Level Annotations

Branches:
Dungeon (9/15)             Temple (0/1) D:7            Lair (0/5) D:8
    Orc: D:9-12

Altars:
Dithmenos
Gozag
Makhleb
Nemelex Xobeh
Okawaru
Qazlal
Ru
Uskayaw
Vehumet
Xom

Shops:
D:1 ?   D:7 (


Innate Abilities, Weirdness & Mutations

You regenerate a little health from kills.
You are completely covered in razor-sharp scales. (AC +3, Slay +3)
You have a sharp stinger which inflicts weakening toxins.
You are dopey. (Int -2)
Your flesh is heat resistant. (rF+)
You are somewhat resistant to further mutation.
You occasionally lose the ability to drink potions when taking damage.
You passively dampen the noise of your surroundings.


Message History

Cornered, the fire crab turns to fight!
There is an open door here.
The barbed spikes dig painfully into your body as you move.
You are engulfed in blazing flames.
You resist.
* * * LOW HITPOINT WARNING * * *
You hear Xom's avuncular chuckle.
The orc priest evaporates and reforms as a hound!
The ice devil disappears in a puff of smoke!
The iron imp disappears in a puff of smoke!
Cornered, the hound turns to fight!
You block the sun demon's attack.
You see here a staff of fire.
Press: ? - help, v - describe, . - travel, g - get item Item here: 18 gold pieces.
The floor.
You feel better.
A nearby plant withers and dies.
The sun demon hits you!
* * * LOW HITPOINT WARNING * * *
You are engulfed in flames!
You resist.
* * * LOW HITPOINT WARNING * * *
The fire crab breathes flames at you.
Really walk into that cloud of flame?
Okay, then.
The barbed spikes dig painfully into your body as you move.
* * * LOW HITPOINT WARNING * * *
The ufetubus is engulfed in blazing flames.
The ufetubus dies!
The ufetubus disappears in a puff of smoke!
The ynoxinul is engulfed in a cloud of scalding steam.
The white imp is engulfed in a cloud of scalding steam.
There is a transporter here.
You enter the transporter and appear at another place.
The sun demon closely misses you. x2
Press: ? - help, v - describe, . - travel
Here: a sun demon (summoned)
The floor.
As you read the scroll of teleportation, it crumbles to dust.
You feel strangely unstable. The sun demon hits you!
* * * LOW HITPOINT WARNING * * *
You are engulfed in flames!
You resist.
You die...
Xom chuckles heartily!

########################.......#
#......#....#....#.....#.......#
#......#....#....#.....#.......#
#......#....#....'.....#.......#
##'#####..###..####..#..>......#
#...####..###..####..###########
#........).#..........#
#..[..........3.......#
#..[...........@......#
#..........#########..#
##'##......#8~$§$P8#..#
##~~~####...#~.$|=.~#.##
.'~~~'.####.####'####.#
.#~~~#......#K≈...≈K#.#
.##[##......#t3..°≈h#.#
..).........#o≈§55°t#.#
#.†..[......#5≈~⌠~≈.#.#


You could see a sun demon (summoned), 2 fire crabs, 2 kobold demonologists, a
ynoxinul (summoned, corona), a hound, an orc priest, a white imp (summoned,
corona) and an ufetubus (summoned, corona).

Vanquished Creatures
  A two-headed ogre (D:8)
  Amaemon (D:9)
  An orange demon (D:9)
  Maggie (D:7)
  A queen bee (D:9)
  2 hornets (D:9)
  A shadow (D:9)
  4 wyverns
  12 yaks
  2 basilisks (D:8)
  Grum (D:9)
  Edmund (D:6)
  An acid dragon (D:8)
  2 water moccasins
  3 sky beasts
  A black bear (shapeshifter) (D:9)
  2 orc warriors
  2 black bears
  An ice beast (D:7)
  2 wolves (D:9)
  5 ogres
  4 centaurs
  A phantom (D:7)
  A kobold brigand (D:8)
  4 bullfrogs
  2 scorpions (D:6)
  10 wights
  3 jellies
  2 howler monkeys
  3 orc priests
  3 hounds (D:6)
  4 gnoll boudas
  A sleepcap (D:7)
  Ijyb (D:4)
  7 iguanas
  8 orc wizards
  18 gnolls
  4 adders
  A shadow imp (D:5)
  A white imp (D:7)
  3 worms
  A dart slug (D:1)
  18 orcs
  6 endoplasms
  2 giant cockroaches
  7 hobgoblins
  10 kobolds
  A quokka (D:2)
  6 ball pythons
  5 bats
  3 frilled lizards
  5 goblins
  A rat (D:2)
193 creatures vanquished.

Vanquished Creatures (collateral kills)
  Gastronok (D:8)
  A giant cockroach (D:1)
2 creatures vanquished.

Vanquished Creatures (others)
  A wolf (D:9)
  An orc (D:4)
2 creatures vanquished.

Grand Total: 197 creatures vanquished

Notes
Turn   | Place    | Note
-------+----------+-------------------------------------------
     0 | D:1      | eliam the Demonspawn Chaos Knight began the quest for the
                  | Orb.
     0 | D:1      | Reached XP level 1. HP: 18/18 MP: 1/1
    56 | D:1      | Reached skill level 1 in Dodging
   120 | D:1      | XOM: silly message
   133 | D:1      | XOM: silly message
   147 | D:1      | Gained mutation: You have a small tail. [demonic ancestry]
   147 | D:1      | Reached XP level 2. HP: 16/24 MP: 2/2
   272 | D:1      | XOM: noise
   391 | D:1      | XOM: enchant monster (good)
   502 | D:1      | Found Sanuid's Magic Scroll Boutique.
   537 | D:1      | XOM: god gift: javelin
   624 | D:1      | XOM: silly message
   712 | D:1      | Found a faded altar of an unknown god.
   744 | D:1      | XOM: god gift: pair of gloves {god gift}
   886 | D:2      | XOM: 1-stop teleportation journey
  1024 | D:2      | Gained mutation: You are partially covered in razor-sharp
                  | scales. (AC +1, Slay +1) [demonic ancestry]
  1024 | D:2      | Reached XP level 3. HP: 22/29 MP: 3/3
  1532 | D:3      | Found a shadowy altar of Dithmenos.
  1728 | D:3      | Found an iron altar of Okawaru.
  1793 | D:3      | Found a radiant altar of Vehumet.
  1888 | D:3      | Found a burning altar of Makhleb.
  1933 | D:3      | XOM: scenery: create altars
  2139 | D:4      | XOM: stealth player
  2155 | D:4      | XOM: god gift: wand of acid (5)
  2202 | D:4      | Noticed an ogre
  2206 | D:4      | Killed an ogre
  2207 | D:4      | Gained mutation: You regenerate a little health from kills.
                  | [demonic ancestry]
  2207 | D:4      | Reached XP level 4. HP: 37/37 MP: 4/4
  2211 | D:4      | Reached XP level 5. HP: 39/42 MP: 5/5
  2417 | D:4      | XOM: stat loss: -1 Int (12/13)
  2624 | D:4      | Gained mutation: You are mostly covered in razor-sharp
                  | scales. (AC +2, Slay +2) [demonic ancestry]
  2624 | D:4      | Reached XP level 6. HP: 23/49 MP: 6/6
  2667 | D:4      | XOM: scenery: summon butterflies
  2759 | D:4      | XOM: cloud trail
  2919 | D:4      | Noticed Ijyb
  2930 | D:4      | Killed Ijyb
  2985 | D:4      | Identified the +2 dagger of Change {freeze, rF+}
  3085 | D:4      | Found a sacrificial altar of Ru.
  3120 | D:4      | XOM: god gift: 16 gold pieces
  3210 | D:5      | Entered Level 5 of the Dungeon
  3396 | D:5      | Noticed a +0 spear
  3397 | D:5      | Noticed a +0 dagger
  3397 | D:5      | Noticed a +0 falchion
  3397 | D:5      | Noticed a +0 short sword
  3398 | D:5      | Noticed a +0 falchion
  3398 | D:5      | Noticed a +0 short sword
  3400 | D:5      | Noticed a +0 spear
  3400 | D:5      | Noticed a +0 dagger
  3426 | D:5      | Gained mutation: You have a tail ending in a sharp stinger.
                  | [demonic ancestry]
  3426 | D:5      | Reached XP level 7. HP: 55/55 MP: 7/7
  3439 | D:5      | Found a hide-covered altar of Uskayaw.
  3589 | D:5      | XOM: cast spell 'Necromutation'
  3665 | D:5      | Reached skill level 5 in Fighting
  4086 | D:6      | XOM: summons friendly quasit
  4087 | D:6      | Noticed Edmund
  4100 | D:6      | XOM: give mutations
  4100 | D:6      | Gained mutation: You are weak. (Str -2) [Xom's mischief]
  4100 | D:6      | Gained mutation: You are dopey. (Int -2) [Xom's mischief]
  4100 | D:6      | Gained mutation: You passively dampen the noise of your
                  | surroundings. [Xom's mischief]
  4100 | D:6      | Gained mutation: You are somewhat resistant to further
                  | mutation. [Xom's mischief]
  4101 | D:6      | Killed Edmund
  4125 | D:6      | XOM: 3-stop teleportation journey
  4207 | D:6      | Gained mutation: You are completely covered in razor-sharp
                  | scales. (AC +3, Slay +3) [demonic ancestry]
  4207 | D:6      | Reached XP level 8. HP: 43/63 MP: 8/8
  4270 | D:6      | Reached skill level 5 in Axes
  4374 | D:6      | Identified the +1 leather armour of the Echidna {Contam
                  | Harm rElec SInv}
  4415 | D:6      | XOM: noise
  4430 | D:6      | XOM: swap monsters
  4435 | D:6      | Reached skill level 1 in Evocations
  4569 | D:6      | Found a sparkling altar of Nemelex Xobeh.
  4592 | D:6      | Reached skill level 2 in Evocations
  4592 | D:6      | XOM: noise
  4763 | D:6      | Reached skill level 3 in Evocations
  4820 | D:6      | XOM: silly message
  5170 | D:7      | You fall into a shaft and drop 1 floor!
  5185 | D:8      | XOM: divination: detect creatures
  5193 | D:8      | XOM: noise
  5198 | D:8      | Reached skill level 5 in Armour
  5202 | D:8      | Reached skill level 4 in Evocations
  5211 | D:8      | Gained mutation: You have a sharp stinger which inflicts
                  | weakening toxins. [demonic ancestry]
  5211 | D:8      | Reached XP level 9. HP: 35/69 MP: 9/9
  5214 | D:8      | Reached skill level 5 in Dodging
  5394 | D:8      | XOM: potion effect (invisibility)
  5554 | D:8      | XOM: noise
  5591 | D:8      | Found a staircase to the Lair.
  5603 | D:8      | Reached skill level 5 in Evocations
  5604 | D:8      | XOM: summons friendly white imp
  5621 | D:8      | XOM: divination: detect creatures
  5645 | D:8      | Noticed Gastronok
  5648 | D:8      | XOM: summons friendly white imp
  5659 | D:8      | XOM: cast spell 'Call Canine Familiar'
  5663 | D:8      | Killed Gastronok
  5664 | D:8      | Reached skill level 6 in Evocations
  5664 | D:8      | Reached XP level 10. HP: 45/79 MP: 10/10
  5692 | D:8      | XOM: butterfly on damage
  5815 | D:8      | XOM: give mutations
  5815 | D:8      | Gained mutation: You are very dopey. (Int -4) [Xom's
                  | mischief]
  5815 | D:8      | Lost mutation: You are very dopey. (Int -4) [Xom's
                  | mischief]
  5815 | D:8      | Lost mutation: You are weak. (Str -2) [Xom's mischief]
  6244 | D:8      | Noticed a two-headed ogre
  6251 | D:8      | Killed a two-headed ogre
  6252 | D:8      | Reached skill level 7 in Evocations
  6400 | D:8      | XOM: confuse monster(s)
  6455 | D:8      | Identified the ring of Zemnutoe {Wiz rF- Will+++}
  6919 | D:7      | XOM: cast spell 'Olgreb's Toxic Radiance'
  6923 | D:7      | XOM: cast spell 'Statue Form'
  6945 | D:7      | XOM: give mutations
  6945 | D:7      | Gained mutation: You occasionally lose the ability to drink
                  | potions when taking damage. [Xom's mischief]
  6945 | D:7      | Gained mutation: You expend magic power (3 MP) to
                  | strengthen your wands. [Xom's mischief]
  6945 | D:7      | Gained mutation: You are robust. (+10% HP) [Xom's mischief]
  6945 | D:7      | Lost mutation: You expend magic power (3 MP) to strengthen
                  | your wands. [Xom's mischief]
  7063 | D:7      | XOM: 1-stop teleportation journey
  7132 | D:7      | Found Bovileta's Antique Weapon Boutique.
  7135 | D:7      | XOM: confusion
  7169 | D:7      | Found a staircase to the Ecumenical Temple.
  7205 | D:7      | Noticed Maggie
  7208 | D:7      | XOM: chaos cloud
  7221 | D:7      | Killed Maggie
  7368 | D:7      | XOM: swap monsters
  7387 | D:7      | XOM: divination: detect creatures
  7391 | D:7      | Reached skill level 8 in Evocations
  7541 | D:7      | Found an opulent altar of Gozag.
  7542 | D:7      | Found a stormy altar of Qazlal.
  7831 | D:8      | XOM: give mutations
  7831 | D:8      | Lost mutation: You are robust. (+10% HP) [Xom's mischief]
  7831 | D:8      | Gained mutation: Your flesh is heat resistant. (rF+) [Xom's
                  | mischief]
  7848 | D:9      | Found a transporter.
  7848 | D:9      | Noticed Erolcha
  7848 | D:9      | XOM: 1-stop teleportation journey
  7850 | D:9      | Noticed a fire crab
  7874 | D:9      | XOM: 2-stop teleportation journey
  7876 | D:9      | Erolcha changed into Erolcha the wyvern
  7876 | D:9      | Noticed Erolcha
  7881 | D:9      | Killed Erolcha the wyvern
  7890 | D:9      | XOM: blink monster(s)
  7893 | D:9      | XOM: cleaving
  7895 | D:9      | Paralysed by a hornet for 2 turns
  7902 | D:9      | Paralysed by a hornet for 2 turns
  7930 | D:9      | XOM: scenery: 1 doors open
  7939 | D:9      | Noticed Grum
  7939 | D:9      | XOM: confuse monster(s)
  7942 | D:9      | XOM: enchant monster (good)
  7944 | D:9      | XOM: divination: magic mapping
  7954 | D:9      | XOM: enchant monster (good)
  7984 | D:9      | Killed Grum
  8012 | D:9      | Noticed a fire crab
  8015 | D:9      | Found a transporter.
  8067 | D:9      | Noticed a fire crab
  8120 | D:9      | XOM: divination: detect creatures
  8123 | D:9      | Reached XP level 11. HP: 77/86 MP: 11/11
  8296 | D:9      | a yak changed into a glowing shapeshifter
  8296 | D:9      | Noticed a glowing shapeshifter (glowing shapeshifter)
  8296 | D:9      | a glowing shapeshifter changed into a skyshark
  8296 | D:9      | Noticed a skyshark (glowing shapeshifter)
  8301 | D:9      | a skyshark changed into a hornet
  8604 | D:9      | XOM: enchant monster (good)
  8609 | D:9      | XOM: potion effect (attraction)
  8612 | D:9      | Paralysed by a hornet for 1 turns
  8617 | D:9      | Reached skill level 9 in Evocations
  8824 | D:9      | Noticed Amaemon
  9069 | D:9      | Killed Amaemon
  9143 | D:9      | XOM: noise
  9362 | D:9      | Noticed a sun demon
  9364 | D:9      | XOM: fake destruction
  9366 | D:9      | XOM: polymorph orc priest -> hound
  9370 | D:9      | Slain by a sun demon

Illustrated notes

Levels and vault maps discovered:
D:1:      saegor_arrival_simple_c, layout_loops_ring,
          hellmonk_ecumenical_altar_prayer_group, serial_shops,
          nicolae_shop_back_alley_shop, hangedman_decor_opposing,
          minmay_misc_feat_tower
D:2:      layout_loops_ring, moated_statue, dreamdust_princess_bridge
D:3:      layout_loops_ring, nicolae_vehumet_radiance,
          mainiacjoe_overflow_catch_the_wave, bloody_makhleb
D:4:      layout_loops_corners, nicolae_ru_the_path_less_chosen, uniq_ijyb
D:5:      layout_loops_ring, nicolae_uskayaw_en_pointe
D:6:      layout_basic, nemelex_dance_club_becter, minivault_11, uniq_edmund
D:7:      layout_rooms, nicolae_overflow_hidden_temple,
          minmay_temple_entry_from_below_a, serial_shops,
          nicolae_shop_tiny_real_fake_doors, minmay_misc_feat_roman,
          minmay_joined_circles, uniq_maggie
D:8:      layout_loops_corners, david_lair_generic, uniq_gastronok
D:9:      gammafunk_wand_slinger, layout_gridville, minmay_liquid_box,
          uniq_grum, uniq_erolcha, uniq_amaemon

Skill      XL: |  1  2  3  4  5  6  7  8  9 10 11 |
---------------+----------------------------------+-----
Dodging        | 1 2 3 4 5 6 7 |  7.1
Armour         | 2 3 4 5 6 7 |  7.3
Axes           | 3 4 5 6 7 |  7.7
Fighting       | 4 5 6 7 8 |  8.5
Evocations     | 4 6 8 9 |  9.2

Action                     |  1- 3 |  4- 6 |  7- 9 | 10-12 || total
---------------------------+-------+-------+-------+-------++-------
  Melee: Hand axe          |   101 |    83 |   167 |   291 ||   642
         Tailslap          |    10 |    15 |    32 |    59 ||   116
         Punch             |       |       |     1 |     5 ||     6
  Evoke: Wand              |     3 |     2 |    14 |    20 ||    39
         Piece from Xom's  |       |     2 |    11 |    13 ||    26
    Use: Scroll            |     3 |     6 |     2 |    13 ||    24
         Potion            |       |       |     2 |     5 ||     7
   Stab: Petrified         |       |       |     4 |     3 ||     7
         Distracted        |       |       |     1 |       ||     1
         Invisible         |       |       |     1 |       ||     1
         Petrifying        |       |       |     1 |       ||     1
         Confused          |       |       |       |     2 ||     2
         Paralysed         |       |       |       |     1 ||     1
 Armour: Leather armour    |    39 |    25 |    24 |       ||    88
         Chain mail        |       |       |    41 |   141 ||   182
         Scale mail        |       |       |     6 |       ||     6
         Skin              |       |       |     1 |    12 ||    13
         Acid dragon scale |       |       |       |    16 ||    16
  Dodge: Dodged            |    55 |    38 |    76 |   179 ||   348
  Block: Other             |       |    14 |    34 |    74 ||   122
         Reflection        |       |     1 |     1 |       ||     2
